 Dungeon Crawl Stone Soup version 0.27.1 (webtiles) character file.

Game seed: 11678408709231595239

108 acemry the Firebug (level 4, 0/24 HPs)
             Began as a Deep Elf Fire Elementalist on Sept 3, 2021.
             Slain by an orc (2 damage)
             ... on level 3 of the Dungeon.
             The game lasted 00:06:16 (2599 turns).

acemry the Firebug (Deep Elf Fire Elementalist)     Turns: 2599, Time: 00:06:18

Health: 0/24       AC:  3    Str:  5    XL:     4   Next: 58%
Magic:  2/10       EV: 12    Int: 21    God:
Gold:   60         SH:  0    Dex: 15    Spells: 8/9 levels left

rFire    . . .     SeeInvis .   b - +1 dagger (flame)
rCold    . . .     Faith    .   (no shield)
rNeg     . . .     Spirit   .   a - +1 robe
rPois    .         Reflect  .   (no helmet)
rElec    .         Harm     .   (no cloak)
rCorr    .         Rampage  .   (no gloves)
Will     .....                  (no boots)
Stlth    +.........             (no amulet)
HPRegen  0.08/turn              (no ring)
MPRegen  0.12/turn              (no ring)

@: confused
A: no striking features
a: no special abilities


You were on level 3 of the Dungeon.
You visited 1 branch of the dungeon, and saw 3 of its levels.

You collected 60 gold pieces.

Inventory:

Hand Weapons
 b - a +1 dagger of flaming (weapon)
Armour
 a - a +1 robe (worn)
 e - +0 acid dragon scales
Jewellery
 d - a ring of ice
Scrolls
 f - a scroll of fog
Potions
 c - a potion of curing
 g - a potion of lignification {unknown}
 h - 2 potions of invisibility {unknown}
 i - a potion of might {unknown}


   Skills:
 - Level 2.4 Dodging
 - Level 2.4 Stealth
 - Level 3.0 Spellcasting
 + Level 3.0 Conjurations
 + Level 5.1 Fire Magic


You had 8 spell levels left.
You knew the following spells:

 Your Spells              Type           Power      Damage    Failure   Level
a - Foxfire               Conj/Fire      80%        2x1d8     2%          1

Your spell library contained the following spells:

 Spells                   Type           Power      Damage    Failure   Level
 Conjure Flame            Conj/Fire      20%        6-21      8%          3
 Freeze                   Ice            12%        1d4       13%         1
 Inner Flame              Hex/Fire       14%        N/A       14%         3
 Sticky Flame             Conj/Fire      20%        2d4       24%         4
 Frozen Ramparts          Ice            6%         1d2       36%         3
 Hailstorm                Conj/Ice       9%         3d4       56%         4
 Fireball                 Conj/Fire      10%        3d6       56%         5


Dungeon Overview and Level Annotations

Branches:
Dungeon (3/15)

Altars:

Shops:
D:1 !


Message History

You feel better.
The orc wizard gestures wildly while chanting.
The orc wizard flickers and vanishes!
As you read the scroll labelled SUZUPS ALEIDD, it crumbles to dust.
The scroll dissolves into smoke.
It was a scroll of fog.
Something hits you but does no damage. The rat closely misses you.
Something barely misses you.
You conjure some foxfire!
You hear some strange, mumbled words.
You are confused.
The rat bites you but does no damage.
You hear some strange, mumbled words.
A puff of flame appears from out of thin air!
The puff of flame hits you.
The foxfire hits something but does no damage.
The foxfire hits something.
You hear some strange, mumbled words.
A magic dart appears from out of thin air!
The magic dart hits you. The orc hits you but does no damage.
The rat bites you. Something hits you.
You hear some strange, mumbled words.
Something tries to affect you, but you resist.
You feel less confused.
You see here a +0 tower shield.
The rat bites you but does no damage.
An orc comes into view.
It is wielding a +0 morningstar and wearing a +2 scale mail of willpower.
You hear some strange, mumbled words.
You are confused.
You miss something. The orc hits you but does no damage.
Something barely misses you.
Found a scroll labelled LEOLOU PIUTS and 14 gold pieces.
The orc closely misses you. Something hits you. The orc closely misses you.
You closely miss something. The orc hits you with a +0 short sword.
* * * LOW HITPOINT WARNING * * *
Something hits you.
* * * LOW HITPOINT WARNING * * *
Something hits you.
* * * LOW HITPOINT WARNING * * *
The orc hits you with a +0 dagger.
You die...

....#§§§#§§...+........#
......§§.§#.§..####.....#
.##...§§§......## #.....#
#...§§§..§....# #.....#
#...§.........# #.....#
#.........[...# #.....#
..#######..r...# #.....#
.. #..o...# .......
#.(@o..# #...........
.?.o.<.........
................
................
...........##...
...........# ...
##.$..###### ##


You could see 3 orcs and a rat.

Vanquished Creatures
  A hound skeleton (D:3)
  4 adders
  A worm (D:3)
  4 dart slugs (D:1)
  An orc (D:3)
  4 endoplasms
  5 giant cockroaches
  3 hobgoblins (D:1)
  3 jackals (D:3)
  A quokka (D:1)
  4 ball pythons
  2 bats
  2 frilled lizards
  2 goblins
  4 kobolds
  6 rats
47 creatures vanquished.

Vanquished Creatures (collateral kills)
  9 foxfires
9 creatures vanquished.

Vanquished Creatures (others)
  199 foxfires
  10 plants (D:2)
209 creatures vanquished.

Grand Total: 265 creatures vanquished

Notes
Turn   | Place    | Note
-------+----------+-------------------------------------------
     0 | D:1      | acemry the Deep Elf Fire Elementalist began the quest for
                  | the Orb.
     0 | D:1      | Reached XP level 1. HP: 10/10 MP: 6/6
    21 | D:1      | Found Exkeph's Distillery.
   360 | D:1      | Reached XP level 2. HP: 15/15 MP: 6/8
   592 | D:1      | Reached skill level 4 in Fire Magic
  1072 | D:1      | Reached XP level 3. HP: 19/19 MP: 6/9
  1222 | D:1      | Found a faded altar of an unknown god.
  2025 | D:2      | Reached XP level 4. HP: 24/24 MP: 5/10
  2329 | D:3      | Reached skill level 5 in Fire Magic
  2599 | D:3      | Slain by an orc

Illustrated notes

Levels and vault maps discovered:
D:1:      eino_arrival_tree_alley, layout_loops_ring, serial_shops,
          nicolae_shop_stone, shapermc_ecumenical_altar_mp_ritualfount
D:2:      layout_basic, serial_bayou_pond_c
D:3:      layout_basic, grunt_qazlal_clouds, nrook_campfire

Skill      XL: |  1  2  3  4 |
---------------+-------------+-----
Fire Magic     | 4 5 |  5.1
Conjurations   | 2 3 |  3.0
Dodging        | |  2.4
Stealth        | |  2.4
Spellcasting   | |  3.0

Action                   |  1- 3 |  4- 6 || total
-------------------------+-------+-------++-------
Melee: Unarmed           |     3 |       ||     3
       Dagger            |       |     4 ||     4
 Cast: Foxfire           |   102 |    34 ||   136
  Use: Scroll            |     4 |     1 ||     5
       Potion            |       |     1 ||     1
Armor: Robe              |     1 |     7 ||     8
Dodge: Dodged            |    12 |     7 ||    19
